WCHLSIM.com - West Coast Hockey League
html PUBLIC "-//W3C//DTD XHTML 1.0 Transitional//EN" "http://www.w3.org/TR/xhtml1/DTD/xhtml1-transitional.dtd"> WCHL - Game 213 - LOS ANGELES SEALS vs EDMONTON ICE

LOS ANGELES SEALS vs EDMONTON ICE

Created - 4 novembre 2019 at 17:07

Goals
1 2 3 T
LOS ANGELES SEALS 0 0 2 2
EDMONTON ICE 2 0 2 4
Shots
1 2 3 T
LOS ANGELES SEALS 8 6 15 29
EDMONTON ICE 12 13 16 41

1st period

1. EDMONTON ICE , Ryan O'Reilly 6 (Kasperi Kapanen 8) at 7:39
2. EDMONTON ICE , Jaden Schwartz 10 (Patric Hornqvist 10, Markus Nutivaara 2) at 12:40

Penalties :
Roman Polak (LOS) for Hooking (Minor) at 1:55, Eric Fehr (EDM) for Tripping (Minor) at 10:15

2nd period

No Goal

Penalties :
Andreas Johnsson (LOS) for High sticking (Minor) at 2:13, Shayne Gostisbehere (LOS) for High sticking (Minor) at 8:27, Esa Lindell (LOS) for Hooking (Minor) at 13:11, Esa Lindell (LOS) for Slashing (Double Minor) at 16:57, Mathieu Perreault (LOS) for Interference (Minor) at 17:31

3rd period

3. EDMONTON ICE , Ryan O'Reilly 7 (Oscar Klefbom 5, Kasperi Kapanen 9) at 4:13
4. EDMONTON ICE , Ryan O'Reilly 8 (Anthony Mantha 7) at 8:12
5. LOS ANGELES SEALS , Mark Scheifele 12 (Brandon Carlo 8, Brock Boeser 9) at 9:00
6. LOS ANGELES SEALS , Brandon Carlo 1 (Mark Scheifele 12, Brock Boeser 10) at 14:00

Penalties :
No Penalty

Goalie Stats

Jonathan Quick (LOS), 37 saves from 41 shots - (0,902), L, 8-5-0, 60:00 minutes
Jake Allen (EDM), 27 saves from 29 shots - (0,931), W, 9-4-0, 60:00 minutes

Players Stats for LOS ANGELES SEALS

Player Name              G  A  P  +/- PIM S  H  SB GA TA FO     MP     PP MP  PK MP  
------------------------------------------------------------------------------------
Adam Lowry               0  0  0  -1  0   3  1  0  0  0  12/25  17:04   0:00   6:39 
Alex Goligoski           0  0  0  -1  0   0  0  1  0  0  0/0    19:05   1:09   1:38 
Andreas Johnsson         0  0  0   0  2   1  1  2  0  0  0/1    17:01   0:00   0:34 
Brandon Carlo            1  1  2   1  0   2  0  1  0  0  0/0    20:26   0:50   4:50 
Brock Boeser             0  2  2   0  0   0  0  0  0  0  0/1    17:18   0:50   0:00 
Colin White              0  0  0  -1  0   5  0  0  0  0  2/2    14:37   0:00   4:12 
Dan Hamhuis              0  0  0   0  0   0  0  1  0  0  0/0     3:39   0:00   0:00 
Erik Haula               0  0  0   0  0   1  0  0  0  0  4/7     8:32   0:50   5:06 
Esa Lindell              0  0  0  -1  6   1  1  2  0  0  0/0    24:15   1:09   3:11 
Justin Williams          0  0  0  -1  0   2  0  0  0  0  0/1    17:46   1:09   0:00 
Kevin Rooney             0  0  0   0  0   0  0  0  0  0  1/5     2:36   0:00   0:00 
Logan Couture            0  0  0  -1  0   4  1  1  0  0  8/22   20:22   1:09   0:00 
Mark Scheifele           1  1  2   0  0   7  1  0  0  0  11/24  17:18   0:50   0:00 
Mathieu Perreault        0  0  0  -1  2   1  1  0  0  0  2/2    15:44   0:00   5:19 
Nick Holden              0  0  0  -2  0   0  7  0  0  0  0/0    16:12   0:00   4:49 
Patrick Marleau          0  0  0  -1  0   2  2  0  0  0  1/1    17:46   1:09   0:00 
Roman Polak              0  0  0   1  2   0  0  0  0  0  0/0    20:04   0:50   4:29 
Shayne Gostisbehere      0  0  0  -2  2   0  0  1  0  0  0/0    16:15   0:00   4:53 

Players Stats for EDMONTON ICE

Player Name              G  A  P  +/- PIM S  H  SB GA TA FO     MP     PP MP  PK MP  
------------------------------------------------------------------------------------
Andrew MacDonald         0  0  0   0  0   0  0  1  0  0  0/0    16:37   0:00   0:52 
Anthony Mantha           0  1  1   1  0   9  3  1  0  0  0/1    22:57   6:38   0:00 
Casey Nelson             0  0  0   1  0   0  2  0  0  0  0/0    12:46   0:00   0:00 
Colton Parayko           0  0  0   0  0   1  0  5  0  0  0/0    23:06   5:10   1:07 
Conor Sheary             0  0  0   0  0   2  0  0  0  0  0/0    16:22   5:17   0:00 
Eric Fehr                0  0  0   0  2   0  2  0  0  0  8/14   11:04   0:00   0:00 
Jaden Schwartz           1  0  1   1  0   5  1  0  0  0  0/0    22:11   6:38   0:00 
Jeff Petry               0  0  0   1  0   1  3  1  0  0  0/0    25:27   6:45   1:07 
Kasperi Kapanen          0  2  2   1  0   4  0  0  0  0  1/1    17:38   0:00   1:19 
Loui Eriksson            0  0  0   0  0   1  0  0  0  0  0/0     3:09   0:00   0:00 
Markus Nutivaara         0  1  1   1  0   1  0  0  0  0  0/0    17:56   5:10   0:00 
Ondrej Kase              0  0  0   0  0   1  2  0  0  0  0/1    11:45   0:00   0:40 
Oscar Klefbom            0  1  1   1  0   4  0  2  0  0  0/0    24:08   6:45   0:52 
Oscar Lindberg           0  0  0   0  0   0  0  1  0  0  1/3     3:49   0:00   0:40 
Patric Hornqvist         0  1  1   1  0   6  1  0  0  0  1/2    20:50   5:17   0:00 
Ryan O'Reilly            3  0  3   1  0   5  1  0  0  0  22/38  22:57   6:38   0:00 
Tanner Pearson           0  0  0   0  0   0  0  0  0  0  0/1     4:28   0:00   1:19 
Valtteri Filppula        0  0  0   1  0   1  0  0  0  0  17/30  20:50   5:17   0:00 

3 Stars

1 - Ryan O'Reilly (EDM)
2 - Brandon Carlo (LOS)
3 - Jaden Schwartz (EDM)

Power Play

LOS ANGELES SEALS - 0 on 1 Attempt(s) - 0,00%
EDMONTON ICE - 0 on 7 Attempt(s) - 0,00%

Penalty Kill

LOS ANGELES SEALS - 7 on 7 Attempt(s) - 100,00% - Score 0 goal in Penalty Kill
EDMONTON ICE - 1 on 1 Attempt(s) - 100,00% - Score 0 goal in Penalty Kill

Team Stat

LOS ANGELES SEALS - Hits : 15 - Faceoff Wins : 41 - Blocked Shots : 9 - Penalty Minutes : 14
EDMONTON ICE - Hits : 15 - Faceoff Wins : 50 - Blocked Shots : 11 - Penalty Minutes : 2

Official

Referees : Brad Watson and Dennis LaRue
Linesman : Derek Amell and J.M. McNulty

Game Notes

Ryan O'Reilly has scored a Hat Trick!

Finance

Level 1 -- Attendance: 4696 (78,27%) -- Ticket Income 892 240 $
Level 2 -- Attendance: 3500 (70,00%) -- Ticket Income 437 500 $
Level 3 -- Attendance: 1464 (73,20%) -- Ticket Income 146 400 $
Level 4 -- Attendance: 2892 (48,20%) -- Ticket Income 187 980 $
Luxury Box -- Attendance: 707 (70,70%) -- Ticket Income 240 380 $
Total Attendance: 13259 (66,30%)
Total Ticket Income: 1 904 500 $
Other Income: 571 350 $
Total Income: 2 475 850 $

LOS ANGELES SEALS

5 vs 5 Forward 
   Center                   Left Wing                Right Wing               Time % Phy DF OF 
 1 Logan Couture            Patrick Marleau          Justin Williams          36     1   2  2  
 2 Mark Scheifele           Andreas Johnsson         Brock Boeser             34     1   2  2  
 3 Adam Lowry               Mathieu Perreault        Colin White              23     1   2  2  
 4 Kevin Rooney             Erik Haula               Logan Couture            7      1   2  2  

5 vs 5 Defense 
   Defense                  Defense                                           Time % Phy DF OF 
 1 Esa Lindell              Alex Goligoski                                    36     1   2  2  
 2 Roman Polak              Brandon Carlo                                     31     1   2  2  
 3 Shayne Gostisbehere      Nick Holden                                       23     1   2  2  
 4 Esa Lindell              Dan Hamhuis                                       10     1   2  2  

PowerPlay Forward 
   Center                   Left Wing                Right Wing               Time % Phy DF OF 
 1 Logan Couture            Patrick Marleau          Justin Williams          55     1   2  2  
 2 Mark Scheifele           Erik Haula               Brock Boeser             45     1   2  2  

PowerPlay Defense
   Defense                  Defense                                           Time % Phy DF OF 
 1 Esa Lindell              Alex Goligoski                                    55     1   2  2  
 2 Roman Polak              Brandon Carlo                                     45     1   2  2  

Penalty Kill 4 Players Forward 
   Center                   Wing                     Time % Phy DF OF 
 1 Adam Lowry               Mathieu Perreault        55     1   2  2  
 2 Erik Haula               Colin White              45     1   2  2  

Penalty Kill 4 Players Defense
   Defense                  Defense                  Time % Phy DF OF 
 1 Esa Lindell              Shayne Gostisbehere      55     1   2  2  
 2 Roman Polak              Brandon Carlo            45     1   2  2  

Penalty Kill - 3 Players Forward 
   Forward                                           Time % Phy DF OF 
 1 Adam Lowry                                        55     1   2  2  
 2 Erik Haula                                        45     1   2  2  

Penalty Kill - 3 Players Defense
   Defense                  Defense                  Time % Phy DF OF 
 1 Esa Lindell              Alex Goligoski           55     1   2  2  
 2 Roman Polak              Brandon Carlo            45     1   2  2  

4 vs 4 Forward 
   Center                   Wing                     Time % Phy DF OF 
 1 Logan Couture            Mark Scheifele           55     1   2  2  
 2 Justin Williams          Brock Boeser             45     1   2  2  

4 vs 4 Defense
   Defense                  Defense                  Time % Phy DF OF 
 1 Esa Lindell              Nick Holden              55     1   2  2  
 2 Roman Polak              Brandon Carlo            45     1   2  2  

Last Minutes Offensive
   Center                   Left Wing                Right Wing               Defense                  Defense                  
   Logan Couture            Patrick Marleau          Justin Williams          Esa Lindell              Alex Goligoski           

Last Minutes Defensive
   Center                   Left Wing                Right Wing               Defense                  Defense                  
   Logan Couture            Patrick Marleau          Justin Williams          Esa Lindell              Alex Goligoski           

Goaltenders
Starting : Jonathan Quick           
Backup : Roberto Luongo           

Extra Forwards
Normal : Erik Haula, Kevin Rooney, Andreas Johnsson - PP : Erik Haula, Kevin Rooney - PK : Andreas Johnsson
Extra Defensemen
Normal : Shayne Gostisbehere, Nick Holden, Roman Polak - PP : Shayne Gostisbehere - PK : Nick Holden, Roman Polak
Penalty Shots
Logan Couture, Mark Scheifele, Justin Williams, Brock Boeser, Patrick Marleau
Custom OT Lines Forwards
Logan Couture, Mark Scheifele, Justin Williams, Brock Boeser, Patrick Marleau, Erik Haula, Andreas Johnsson, Adam Lowry, Colin White, Mathieu Perreault
Custom OT Lines Defensemen
Esa Lindell, Nick Holden, Roman Polak, Brandon Carlo, Shayne Gostisbehere

Scratches
Ben Thomson (Healthy), Jake DeBrusk (Sports Hernia Injury), John Stevens (Healthy), Juho Lammikko (Healthy), Matt Luff (Healthy)
Nate Prosser (Healthy), Antti Raanta (Healthy)

EDMONTON ICE

5 vs 5 Forward 
   Center                   Left Wing                Right Wing               Time % Phy DF OF 
 1 Ryan O'Reilly            Kasperi Kapanen          Anthony Mantha           36     0   2  3  
 2 Valtteri Filppula        Jaden Schwartz           Patric Hornqvist         34     1   2  2  
 3 Eric Fehr                Conor Sheary             Ondrej Kase              24     0   3  2  
 4 Oscar Lindberg           Tanner Pearson           Loui Eriksson            6      0   4  1  

5 vs 5 Defense 
   Defense                  Defense                                           Time % Phy DF OF 
 1 Jeff Petry               Colton Parayko                                    36     1   2  2  
 2 Oscar Klefbom            Andrew MacDonald                                  34     1   2  2  
 3 Markus Nutivaara         Casey Nelson                                      23     0   4  1  
 4 Jeff Petry               Oscar Klefbom                                     7      1   2  2  

PowerPlay Forward 
   Center                   Left Wing                Right Wing               Time % Phy DF OF 
 1 Ryan O'Reilly            Jaden Schwartz           Anthony Mantha           60     0   1  4  
 2 Valtteri Filppula        Conor Sheary             Patric Hornqvist         40     0   2  3  

PowerPlay Defense
   Defense                  Defense                                           Time % Phy DF OF 
 1 Oscar Klefbom            Jeff Petry                                        55     0   2  3  
 2 Colton Parayko           Markus Nutivaara                                  45     1   2  2  

Penalty Kill 4 Players Forward 
   Center                   Wing                     Time % Phy DF OF 
 1 Eric Fehr                Kasperi Kapanen          55     0   4  1  
 2 Oscar Lindberg           Ondrej Kase              45     0   4  1  

Penalty Kill 4 Players Defense
   Defense                  Defense                  Time % Phy DF OF 
 1 Oscar Klefbom            Andrew MacDonald         55     0   5  0  
 2 Colton Parayko           Jeff Petry               45     0   5  0  

Penalty Kill - 3 Players Forward 
   Forward                                           Time % Phy DF OF 
 1 Eric Fehr                                         55     0   5  0  
 2 Oscar Lindberg                                    45     0   5  0  

Penalty Kill - 3 Players Defense
   Defense                  Defense                  Time % Phy DF OF 
 1 Oscar Klefbom            Andrew MacDonald         55     0   5  0  
 2 Jeff Petry               Colton Parayko           45     0   5  0  

4 vs 4 Forward 
   Center                   Wing                     Time % Phy DF OF 
 1 Valtteri Filppula        Tanner Pearson           55     0   3  2  
 2 Ryan O'Reilly            Kasperi Kapanen          45     1   2  2  

4 vs 4 Defense
   Defense                  Defense                  Time % Phy DF OF 
 1 Andrew MacDonald         Colton Parayko           55     0   3  2  
 2 Oscar Klefbom            Andrew MacDonald         45     1   2  2  

Last Minutes Offensive
   Center                   Left Wing                Right Wing               Defense                  Defense                  
   Ryan O'Reilly            Jaden Schwartz           Anthony Mantha           Jeff Petry               Colton Parayko           

Last Minutes Defensive
   Center                   Left Wing                Right Wing               Defense                  Defense                  
   Ryan O'Reilly            Jaden Schwartz           Kasperi Kapanen          Jeff Petry               Oscar Klefbom            

Goaltenders
Starting : Jake Allen               
Backup : Philipp Grubauer         

Extra Forwards
Normal : Patric Hornqvist, Ondrej Kase, Tanner Pearson - PP : Ondrej Kase, Tanner Pearson - PK : Tanner Pearson
Extra Defensemen
Normal : Andrew MacDonald, Colton Parayko, Jeff Petry - PP : Jeff Petry - PK : Markus Nutivaara, Andrew MacDonald
Penalty Shots
Ryan O'Reilly, Anthony Mantha, Kasperi Kapanen, Patric Hornqvist, Ondrej Kase
Custom OT Lines Forwards
Jaden Schwartz, Anthony Mantha, Patric Hornqvist, Ryan O'Reilly, Ondrej Kase, Kasperi Kapanen, Valtteri Filppula, Tanner Pearson, Loui Eriksson, Conor Sheary
Custom OT Lines Defensemen
Jeff Petry, Colton Parayko, Oscar Klefbom, Andrew MacDonald, Markus Nutivaara

Scratches
None


% Time on Ice - LOS ANGELES SEALS

Lines # - Real PCT - Wanted PCT - Time Play
Normal Forward
1 - 36% - 36% - 16:37
2 - 36% - 34% - 16:28
3 - 23% - 23% - 10:25
4 - 6% - 7% - 2:36
Normal Defense
1 - 35% - 36% - 16:18
2 - 32% - 31% - 14:46
3 - 25% - 23% - 11:23
4 - 8% - 10% - 3:39
PP Forward
1 - 58% - 55% - 1:09
2 - 42% - 45% - 0:50
PP Defense
1 - 58% - 55% - 1:09
2 - 42% - 45% - 0:50
PK Forward
1 - 56% - 55% - 5:34
2 - 44% - 45% - 4:22
PK Defense
1 - 61% - 55% - 6:02
2 - 39% - 45% - 3:54
PK3 Forward
1 - 63% - 55% - 1:15
2 - 37% - 45% - 0:44
PK3 Defense
1 - 76% - 55% - 1:31
2 - 24% - 45% - 0:28
44 Forward
1 - 0% - 55%
2 - 0% - 45%
44 Defense
1 - 0% - 55%
2 - 0% - 45%
Last Minute Offensive  - 0:00
Last Minute Defensive  - 0:00
Total
Forward - 60:00
Defense - 60:00

% Time on Ice - EDMONTON ICE

Lines # - Real PCT - Wanted PCT - Time Play
Normal Forward
1 - 35% - 36% - 16:19
2 - 34% - 34% - 15:33
3 - 24% - 24% - 11:05
4 - 7% - 6% - 3:09
Normal Defense
1 - 36% - 36% - 16:49
2 - 34% - 34% - 15:45
3 - 28% - 23% - 12:46
4 - 2% - 7% - 0:46
PP Forward
1 - 56% - 60% - 6:38
2 - 44% - 40% - 5:17
PP Defense
1 - 57% - 55% - 6:45
2 - 43% - 45% - 5:10
PK Forward
1 - 66% - 55% - 1:19
2 - 34% - 45% - 0:40
PK Defense
1 - 44% - 55% - 0:52
2 - 56% - 45% - 1:07
PK3 Forward
1 - 0% - 55%
2 - 0% - 45%
PK3 Defense
1 - 0% - 55%
2 - 0% - 45%
44 Forward
1 - 0% - 55%
2 - 0% - 45%
44 Defense
1 - 0% - 55%
2 - 0% - 45%
Last Minute Offensive  - 0:00
Last Minute Defensive  - 0:00
Total
Forward - 60:00
Defense - 60:00

Play-by-Play

1st period


0:01 of 1st period - Ryan O'Reilly wins face-off versus Logan Couture in neutral zone.
0:35 of 1st period - Icing by Anthony Mantha.
0:36 of 1st period - Mark Scheifele wins face-off versus Ryan O'Reilly in EDMONTON ICE zone.
0:41 of 1st period - Shot by Brock Boeser.
0:41 of 1st period - Shot Blocked by Colton Parayko.
0:59 of 1st period - Shot by Kasperi Kapanen.
0:59 of 1st period - Stopped by Jonathan Quick without a rebound.
1:00 of 1st period - Valtteri Filppula wins face-off versus Adam Lowry in LOS ANGELES SEALS zone.
1:20 of 1st period - Off-side.
1:21 of 1st period - Eric Fehr wins face-off versus Kevin Rooney in neutral zone.
1:23 of 1st period - Conor Sheary is hit by Esa Lindell and loses puck.
1:31 of 1st period - Icing by Esa Lindell.
1:32 of 1st period - Valtteri Filppula wins face-off versus Kevin Rooney in LOS ANGELES SEALS zone.
1:33 of 1st period - Shot by Patric Hornqvist.
1:33 of 1st period - Stopped by Jonathan Quick without a rebound.
1:34 of 1st period - Mark Scheifele wins face-off versus Ondrej Kase in LOS ANGELES SEALS zone.
1:42 of 1st period - Brandon Carlo is hit by Eric Fehr and loses puck.
1:51 of 1st period - Andreas Johnsson is hit by Ondrej Kase and loses puck.
1:55 of 1st period - Minor Penalty to Roman Polak for Hooking.
1:56 of 1st period - Ryan O'Reilly wins face-off versus Adam Lowry in LOS ANGELES SEALS zone.
2:01 of 1st period - Shot by Oscar Klefbom.
2:01 of 1st period - Stopped by Jonathan Quick without a rebound.
2:02 of 1st period - Adam Lowry wins face-off versus Ryan O'Reilly in LOS ANGELES SEALS zone.
2:17 of 1st period - Colin White is hit by Jaden Schwartz and loses puck.
2:26 of 1st period - Shot by Erik Haula.
2:26 of 1st period - Stopped by Jake Allen without a rebound.
2:27 of 1st period - Adam Lowry wins face-off versus Valtteri Filppula in EDMONTON ICE zone.
2:31 of 1st period - Shot by Adam Lowry.
2:31 of 1st period - Stopped by Jake Allen without a rebound.
2:32 of 1st period - Valtteri Filppula wins face-off versus Adam Lowry in EDMONTON ICE zone.
2:46 of 1st period - Icing by Conor Sheary.
2:47 of 1st period - Adam Lowry wins face-off versus Valtteri Filppula in EDMONTON ICE zone.
3:28 of 1st period - Shot by Colin White.
3:28 of 1st period - Shot Misses the Net.
3:30 of 1st period - Shot by Colin White.
3:30 of 1st period - Stopped by Jake Allen without a rebound.
3:31 of 1st period - Adam Lowry wins face-off versus Ryan O'Reilly in EDMONTON ICE zone.
3:37 of 1st period - Icing by Jeff Petry.
3:38 of 1st period - Mathieu Perreault wins face-off versus Ryan O'Reilly in EDMONTON ICE zone.
4:20 of 1st period - Shot by Justin Williams.
4:20 of 1st period - Shot Misses the Net.
4:49 of 1st period - Icing by Esa Lindell.
4:50 of 1st period - Logan Couture wins face-off versus Valtteri Filppula in LOS ANGELES SEALS zone.
5:07 of 1st period - Shot by Patric Hornqvist.
5:07 of 1st period - Shot Blocked by Alex Goligoski.
5:09 of 1st period - Shot by Markus Nutivaara.
5:09 of 1st period - Stopped by Jonathan Quick with a rebound.
5:11 of 1st period - Shot by Casey Nelson.
5:11 of 1st period - Shot Misses the Net.
5:13 of 1st period - Shot by Valtteri Filppula.
5:13 of 1st period - Shot Misses the Net.
5:24 of 1st period - Shot by Jaden Schwartz.
5:24 of 1st period - Shot Misses the Net.
5:41 of 1st period - Off-side.
5:42 of 1st period - Kasperi Kapanen wins face-off versus Mark Scheifele in neutral zone.
5:58 of 1st period - Icing by Shayne Gostisbehere.
5:59 of 1st period - Mark Scheifele wins face-off versus Eric Fehr in LOS ANGELES SEALS zone.
6:18 of 1st period - Shot by Mark Scheifele.
6:18 of 1st period - Stopped by Jake Allen without a rebound.
6:19 of 1st period - Ryan O'Reilly wins face-off versus Adam Lowry in EDMONTON ICE zone.
6:34 of 1st period - Shot by Colin White.
6:34 of 1st period - Stopped by Jake Allen without a rebound.
6:35 of 1st period - Valtteri Filppula wins face-off versus Mark Scheifele in EDMONTON ICE zone.
7:37 of 1st period - Shot by Ryan O'Reilly.
7:37 of 1st period - Shot Misses the Net.
7:39 of 1st period - Shot by Ryan O'Reilly.
7:39 of 1st period - Goal by Ryan O'Reilly - LOS ANGELES SEALS : 0 - EDMONTON ICE : 1.
7:40 of 1st period - Eric Fehr wins face-off versus Adam Lowry in neutral zone.
8:52 of 1st period - Shot by Kasperi Kapanen.
8:52 of 1st period - Shot Misses the Net.
9:25 of 1st period - Off-side.
9:26 of 1st period - Mark Scheifele wins face-off versus Valtteri Filppula in neutral zone.
9:56 of 1st period - Shot by Mark Scheifele.
9:56 of 1st period - Stopped by Jake Allen without a rebound.
9:57 of 1st period - Colin White wins face-off versus Eric Fehr in EDMONTON ICE zone.
10:15 of 1st period - Minor Penalty to Eric Fehr for Tripping.
10:16 of 1st period - Logan Couture wins face-off versus Tanner Pearson in EDMONTON ICE zone.
10:45 of 1st period - Shot by Logan Couture.
10:45 of 1st period - Shot Blocked by Colton Parayko.
10:59 of 1st period - Shot by Justin Williams.
10:59 of 1st period - Deflect By Logan Couture.
10:59 of 1st period - Stopped by Jake Allen without a rebound.
11:00 of 1st period - Mark Scheifele wins face-off versus Oscar Lindberg in EDMONTON ICE zone.
11:29 of 1st period - Shot by Brock Boeser.
11:29 of 1st period - Shot Misses the Net.
11:31 of 1st period - Shot by Brandon Carlo.
11:31 of 1st period - Shot Blocked by Andrew MacDonald.
11:33 of 1st period - Shot by Roman Polak.
11:33 of 1st period - Shot Misses the Net.
12:03 of 1st period - Shot by Justin Williams.
12:03 of 1st period - Shot Blocked by Colton Parayko.
12:22 of 1st period - Off-side.
12:23 of 1st period - Adam Lowry wins face-off versus Valtteri Filppula in neutral zone.
12:38 of 1st period - Shot by Patric Hornqvist.
12:38 of 1st period - Stopped by Jonathan Quick with a rebound.
12:40 of 1st period - Shot by Jaden Schwartz.
12:40 of 1st period - Goal by Jaden Schwartz - LOS ANGELES SEALS : 0 - EDMONTON ICE : 2.
12:41 of 1st period - Eric Fehr wins face-off versus Mark Scheifele in neutral zone.
12:48 of 1st period - Shot by Conor Sheary.
12:48 of 1st period - Shot Blocked by Dan Hamhuis.
13:31 of 1st period - Shot by Jaden Schwartz.
13:31 of 1st period - Shot Misses the Net.
13:33 of 1st period - Shot by Jaden Schwartz.
13:33 of 1st period - Shot Blocked by Andreas Johnsson.
13:35 of 1st period - Shot by Jaden Schwartz.
13:35 of 1st period - Shot Misses the Net.
13:37 of 1st period - Shot by Jaden Schwartz.
13:37 of 1st period - Shot Misses the Net.
13:55 of 1st period - Shot by Jaden Schwartz.
13:55 of 1st period - Stopped by Jonathan Quick with a rebound.
13:57 of 1st period - Shot by Valtteri Filppula.
13:57 of 1st period - Stopped by Jonathan Quick without a rebound.
13:58 of 1st period - Ryan O'Reilly wins face-off versus Logan Couture in LOS ANGELES SEALS zone.
14:03 of 1st period - Shot by Anthony Mantha.
14:03 of 1st period - Shot Misses the Net.
14:05 of 1st period - Shot by Ryan O'Reilly.
14:05 of 1st period - Shot Misses the Net.
14:07 of 1st period - Shot by Anthony Mantha.
14:07 of 1st period - Stopped by Jonathan Quick without a rebound.
14:08 of 1st period - Ryan O'Reilly wins face-off versus Logan Couture in LOS ANGELES SEALS zone.
14:47 of 1st period - Shot by Anthony Mantha.
14:47 of 1st period - Stopped by Jonathan Quick with a rebound.
14:49 of 1st period - Shot by Oscar Klefbom.
14:49 of 1st period - Stopped by Jonathan Quick without a rebound.
14:50 of 1st period - Valtteri Filppula wins face-off versus Adam Lowry in LOS ANGELES SEALS zone.
14:51 of 1st period - Shot by Jaden Schwartz.
14:51 of 1st period - Deflect By Patric Hornqvist.
14:51 of 1st period - Shot Misses the Net.
15:52 of 1st period - Shot by Logan Couture.
15:52 of 1st period - Stopped by Jake Allen without a rebound.
15:53 of 1st period - Mark Scheifele wins face-off versus Ryan O'Reilly in EDMONTON ICE zone.
15:58 of 1st period - Shot by Mark Scheifele.
15:58 of 1st period - Shot Misses the Net.
17:26 of 1st period - Shot by Justin Williams.
17:26 of 1st period - Shot Misses the Net.
17:45 of 1st period - Shot by Logan Couture.
17:45 of 1st period - Shot Misses the Net.
18:45 of 1st period - Jeff Petry is hit by Nick Holden and loses puck.
19:03 of 1st period - Jaden Schwartz is hit by Nick Holden and loses puck.
19:32 of 1st period - Shot by Kevin Rooney.
19:32 of 1st period - Shot Misses the Net.
19:52 of 1st period - Shot by Ryan O'Reilly.
19:52 of 1st period - Shot Blocked by Logan Couture.
Goals for this period are 0 for LOS ANGELES SEALS vs 2 for EDMONTON ICE.
Shots for this period are 8 for LOS ANGELES SEALS vs 12 for EDMONTON ICE.

2nd period


0:01 of 2nd period - Ryan O'Reilly wins face-off versus Logan Couture in neutral zone.
0:04 of 2nd period - Logan Couture is hit by Ryan O'Reilly and loses puck.
0:18 of 2nd period - Logan Couture is hit by Jeff Petry and loses puck.
0:25 of 2nd period - Shot by Logan Couture.
0:25 of 2nd period - Deflect By Patrick Marleau.
0:25 of 2nd period - Shot Misses the Net.
0:32 of 2nd period - Icing by Jeff Petry.
0:33 of 2nd period - Ryan O'Reilly wins face-off versus Mark Scheifele in EDMONTON ICE zone.
0:42 of 2nd period - Shot by Kasperi Kapanen.
0:42 of 2nd period - Shot Blocked by Brandon Carlo.
0:44 of 2nd period - Shot by Anthony Mantha.
0:44 of 2nd period - Stopped by Jonathan Quick without a rebound.
0:45 of 2nd period - Valtteri Filppula wins face-off versus Adam Lowry in LOS ANGELES SEALS zone.
1:37 of 2nd period - Off-side.
1:38 of 2nd period - Ryan O'Reilly wins face-off versus Logan Couture in neutral zone.
1:45 of 2nd period - Shot by Anthony Mantha.
1:45 of 2nd period - Stopped by Jonathan Quick with a rebound.
1:55 of 2nd period - Shot by Logan Couture.
1:55 of 2nd period - Stopped by Jake Allen with a rebound.
2:03 of 2nd period - Shot by Justin Williams.
2:03 of 2nd period - Shot Misses the Net.
2:07 of 2nd period - Shot by Patrick Marleau.
2:07 of 2nd period - Shot Misses the Net.
2:09 of 2nd period - Shot by Esa Lindell.
2:09 of 2nd period - Stopped by Jake Allen without a rebound.
2:10 of 2nd period - Eric Fehr wins face-off versus Brock Boeser in EDMONTON ICE zone.
2:10 of 2nd period - Eric Fehr is hit by Andreas Johnsson.
2:13 of 2nd period - Minor Penalty to Andreas Johnsson for High sticking.
2:14 of 2nd period - Ryan O'Reilly wins face-off versus Adam Lowry in LOS ANGELES SEALS zone.
2:37 of 2nd period - Shot by Ryan O'Reilly.
2:37 of 2nd period - Shot Misses the Net.
3:19 of 2nd period - Icing by Conor Sheary.
3:20 of 2nd period - Erik Haula wins face-off versus Valtteri Filppula in EDMONTON ICE zone.
4:28 of 2nd period - Shot by Logan Couture.
4:28 of 2nd period - Shot Blocked by Oscar Klefbom.
5:07 of 2nd period - Shot by Ryan O'Reilly.
5:07 of 2nd period - Shot Misses the Net.
5:09 of 2nd period - Shot by Anthony Mantha.
5:09 of 2nd period - Stopped by Jonathan Quick with a rebound.
5:27 of 2nd period - Shot by Ryan O'Reilly.
5:27 of 2nd period - Stopped by Jonathan Quick with a rebound.
5:29 of 2nd period - Shot by Colton Parayko.
5:29 of 2nd period - Stopped by Jonathan Quick without a rebound.
5:30 of 2nd period - Eric Fehr wins face-off versus Mark Scheifele in LOS ANGELES SEALS zone.
5:33 of 2nd period - Shot by Ondrej Kase.
5:33 of 2nd period - Stopped by Jonathan Quick without a rebound.
5:34 of 2nd period - Valtteri Filppula wins face-off versus Mark Scheifele in LOS ANGELES SEALS zone.
6:15 of 2nd period - Shot by Jaden Schwartz.
6:15 of 2nd period - Shot Misses the Net.
7:06 of 2nd period - Shot by Colin White.
7:06 of 2nd period - Stopped by Jake Allen without a rebound.
7:07 of 2nd period - Eric Fehr wins face-off versus Logan Couture in EDMONTON ICE zone.
7:32 of 2nd period - Shot by Oscar Klefbom.
7:32 of 2nd period - Stopped by Jonathan Quick without a rebound.
7:33 of 2nd period - Adam Lowry wins face-off versus Ryan O'Reilly in LOS ANGELES SEALS zone.
7:48 of 2nd period - Ryan O'Reilly is hit by Nick Holden and loses puck.
7:52 of 2nd period - Anthony Mantha is hit by Nick Holden and loses puck.
8:15 of 2nd period - Ryan O'Reilly is hit by Nick Holden and loses puck.
8:27 of 2nd period - Minor Penalty to Shayne Gostisbehere for High sticking.
8:28 of 2nd period - Erik Haula wins face-off versus Valtteri Filppula in LOS ANGELES SEALS zone.
8:28 of 2nd period - Erik Haula is hit by Patric Hornqvist.
8:59 of 2nd period - Icing by Oscar Klefbom.
9:00 of 2nd period - Valtteri Filppula wins face-off versus Erik Haula in EDMONTON ICE zone.
9:09 of 2nd period - Shot by Jeff Petry.
9:09 of 2nd period - Stopped by Jonathan Quick without a rebound.
9:10 of 2nd period - Ryan O'Reilly wins face-off versus Adam Lowry in LOS ANGELES SEALS zone.
9:49 of 2nd period - Shot by Ryan O'Reilly.
9:49 of 2nd period - Shot Blocked by Esa Lindell.
9:51 of 2nd period - Shot by Anthony Mantha.
9:51 of 2nd period - Shot Misses the Net.
9:53 of 2nd period - Shot by Colton Parayko.
9:53 of 2nd period - Shot Blocked by Esa Lindell.
9:55 of 2nd period - Shot by Anthony Mantha.
9:55 of 2nd period - Stopped by Jonathan Quick without a rebound.
9:56 of 2nd period - Erik Haula wins face-off versus Valtteri Filppula in LOS ANGELES SEALS zone.
10:32 of 2nd period - Shot by Andreas Johnsson.
10:32 of 2nd period - Shot Blocked by Oscar Lindberg.
10:34 of 2nd period - Shot by Esa Lindell.
10:34 of 2nd period - Shot Misses the Net.
12:05 of 2nd period - Icing by Roman Polak.
12:06 of 2nd period - Logan Couture wins face-off versus Eric Fehr in LOS ANGELES SEALS zone.
12:49 of 2nd period - Eric Fehr is hit by Nick Holden and loses puck.
13:04 of 2nd period - Shot by Colin White.
13:04 of 2nd period - Stopped by Jake Allen without a rebound.
13:05 of 2nd period - Ryan O'Reilly wins face-off versus Mark Scheifele in EDMONTON ICE zone.
13:11 of 2nd period - Minor Penalty to Esa Lindell for Hooking.
13:12 of 2nd period - Mathieu Perreault wins face-off versus Ryan O'Reilly in LOS ANGELES SEALS zone.
14:19 of 2nd period - Shot by Oscar Klefbom.
14:19 of 2nd period - Shot Misses the Net.
14:21 of 2nd period - Shot by Conor Sheary.
14:21 of 2nd period - Stopped by Jonathan Quick without a rebound.
14:22 of 2nd period - Valtteri Filppula wins face-off versus Erik Haula in LOS ANGELES SEALS zone.
14:25 of 2nd period - Shot by Patric Hornqvist.
14:25 of 2nd period - Stopped by Jonathan Quick without a rebound.
14:26 of 2nd period - Erik Haula wins face-off versus Ryan O'Reilly in LOS ANGELES SEALS zone.
14:39 of 2nd period - Erik Haula is hit by Anthony Mantha and loses puck.
14:49 of 2nd period - Icing by Ryan O'Reilly.
14:50 of 2nd period - Adam Lowry wins face-off versus Ryan O'Reilly in EDMONTON ICE zone.
14:53 of 2nd period - Shot by Adam Lowry.
14:53 of 2nd period - Shot Blocked by Jeff Petry.
15:00 of 2nd period - Icing by Jeff Petry.
15:01 of 2nd period - Ryan O'Reilly wins face-off versus Erik Haula in EDMONTON ICE zone.
15:28 of 2nd period - Shot by Mark Scheifele.
15:28 of 2nd period - Stopped by Jake Allen with a rebound.
15:33 of 2nd period - Icing by Casey Nelson.
15:34 of 2nd period - Eric Fehr wins face-off versus Logan Couture in EDMONTON ICE zone.
15:34 of 2nd period - Eric Fehr is hit by Patrick Marleau.
15:50 of 2nd period - Shot by Logan Couture.
15:50 of 2nd period - Shot Misses the Net.
15:52 of 2nd period - Shot by Logan Couture.
15:52 of 2nd period - Shot Misses the Net.
15:56 of 2nd period - Shot by Logan Couture.
15:56 of 2nd period - Shot Misses the Net.
15:58 of 2nd period - Shot by Patrick Marleau.
15:58 of 2nd period - Stopped by Jake Allen without a rebound.
15:59 of 2nd period - Mark Scheifele wins face-off versus Valtteri Filppula in EDMONTON ICE zone.
16:21 of 2nd period - Icing by Oscar Klefbom.
16:22 of 2nd period - Valtteri Filppula wins face-off versus Logan Couture in EDMONTON ICE zone.
16:38 of 2nd period - Shot by Jaden Schwartz.
16:38 of 2nd period - Stopped by Jonathan Quick with a rebound.
16:40 of 2nd period - Shot by Jaden Schwartz.
16:40 of 2nd period - Stopped by Jonathan Quick without a rebound.
16:41 of 2nd period - Ryan O'Reilly wins face-off versus Mark Scheifele in LOS ANGELES SEALS zone.
16:44 of 2nd period - Shot by Anthony Mantha.
16:44 of 2nd period - Shot Misses the Net.
16:56 of 2nd period - Shot by Anthony Mantha.
16:56 of 2nd period - Shot Misses the Net.
16:57 of 2nd period - Double Minor Penalty to Esa Lindell for Slashing.
16:58 of 2nd period - Ryan O'Reilly wins face-off versus Adam Lowry in LOS ANGELES SEALS zone.
17:06 of 2nd period - Icing by Jaden Schwartz.
17:07 of 2nd period - Adam Lowry wins face-off versus Ryan O'Reilly in EDMONTON ICE zone.
17:17 of 2nd period - Ryan O'Reilly is hit by Nick Holden and loses puck.
17:31 of 2nd period - Minor Penalty to Mathieu Perreault for Interference.
17:32 of 2nd period - Valtteri Filppula wins face-off versus Adam Lowry in LOS ANGELES SEALS zone.
Goals for this period are 0 for LOS ANGELES SEALS vs 0 for EDMONTON ICE.
Shots for this period are 6 for LOS ANGELES SEALS vs 13 for EDMONTON ICE.

3rd period


0:01 of 3rd period - Adam Lowry wins face-off versus Ryan O'Reilly in neutral zone.
0:19 of 3rd period - Shot by Jaden Schwartz.
0:19 of 3rd period - Deflect By Ryan O'Reilly.
0:19 of 3rd period - Stopped by Jonathan Quick with a rebound.
1:55 of 3rd period - Patrick Marleau is hit by Ondrej Kase and loses puck.
2:24 of 3rd period - Shot by Justin Williams.
2:24 of 3rd period - Stopped by Jake Allen without a rebound.
2:25 of 3rd period - Adam Lowry wins face-off versus Valtteri Filppula in EDMONTON ICE zone.
2:25 of 3rd period - Adam Lowry is hit by Jeff Petry.
2:31 of 3rd period - Shot by Adam Lowry.
2:31 of 3rd period - Shot Misses the Net.
2:43 of 3rd period - Shot by Colin White.
2:43 of 3rd period - Stopped by Jake Allen without a rebound.
2:44 of 3rd period - Kevin Rooney wins face-off versus Ryan O'Reilly in EDMONTON ICE zone.
3:00 of 3rd period - Icing by Casey Nelson.
3:01 of 3rd period - Ryan O'Reilly wins face-off versus Mark Scheifele in EDMONTON ICE zone.
3:06 of 3rd period - Brandon Carlo is hit by Anthony Mantha and loses puck.
3:21 of 3rd period - Shot by Mark Scheifele.
3:21 of 3rd period - Stopped by Jake Allen with a rebound.
3:23 of 3rd period - Shot by Andreas Johnsson.
3:23 of 3rd period - Stopped by Jake Allen with a rebound.
3:25 of 3rd period - Shot by Mark Scheifele.
3:25 of 3rd period - Shot Misses the Net.
3:27 of 3rd period - Shot by Mark Scheifele.
3:27 of 3rd period - Stopped by Jake Allen without a rebound.
3:28 of 3rd period - Valtteri Filppula wins face-off versus Logan Couture in EDMONTON ICE zone.
3:54 of 3rd period - Shot by Patric Hornqvist.
3:54 of 3rd period - Stopped by Jonathan Quick without a rebound.
3:55 of 3rd period - Mark Scheifele wins face-off versus Ryan O'Reilly in LOS ANGELES SEALS zone.
4:09 of 3rd period - Shot by Ryan O'Reilly.
4:09 of 3rd period - Deflect By Kasperi Kapanen.
4:09 of 3rd period - Shot Misses the Net.
4:11 of 3rd period - Shot by Oscar Klefbom.
4:11 of 3rd period - Stopped by Jonathan Quick with a rebound.
4:13 of 3rd period - Shot by Ryan O'Reilly.
4:13 of 3rd period - Goal by Ryan O'Reilly - LOS ANGELES SEALS : 0 - EDMONTON ICE : 3.
4:14 of 3rd period - Valtteri Filppula wins face-off versus Logan Couture in neutral zone.
4:27 of 3rd period - Jaden Schwartz is hit by Logan Couture and loses puck.
4:58 of 3rd period - Shot by Patrick Marleau.
4:58 of 3rd period - Deflect By Logan Couture.
4:58 of 3rd period - Shot Misses the Net.
5:32 of 3rd period - Shot by Brock Boeser.
5:32 of 3rd period - Shot Misses the Net.
6:09 of 3rd period - Off-side.
6:10 of 3rd period - Ryan O'Reilly wins face-off versus Kevin Rooney in neutral zone.
6:29 of 3rd period - Logan Couture is hit by Anthony Mantha and loses puck.
6:48 of 3rd period - Shot by Kasperi Kapanen.
6:48 of 3rd period - Stopped by Jonathan Quick without a rebound.
6:49 of 3rd period - Adam Lowry wins face-off versus Eric Fehr in LOS ANGELES SEALS zone.
6:49 of 3rd period - Adam Lowry is hit by Eric Fehr.
7:04 of 3rd period - Mathieu Perreault is hit by Casey Nelson and loses puck.
7:34 of 3rd period - Icing by Nick Holden.
7:35 of 3rd period - Adam Lowry wins face-off versus Anthony Mantha in LOS ANGELES SEALS zone.
8:00 of 3rd period - Shot by Kasperi Kapanen.
8:00 of 3rd period - Stopped by Jonathan Quick without a rebound.
8:01 of 3rd period - Oscar Lindberg wins face-off versus Mark Scheifele in LOS ANGELES SEALS zone.
8:08 of 3rd period - Shot by Oscar Lindberg.
8:08 of 3rd period - Deflect By Loui Eriksson.
8:08 of 3rd period - Stopped by Jonathan Quick without a rebound.
8:09 of 3rd period - Ryan O'Reilly wins face-off versus Logan Couture in LOS ANGELES SEALS zone.
8:10 of 3rd period - Shot by Anthony Mantha.
8:10 of 3rd period - Stopped by Jonathan Quick with a rebound.
8:12 of 3rd period - Shot by Ryan O'Reilly.
8:12 of 3rd period - Goal by Ryan O'Reilly - LOS ANGELES SEALS : 0 - EDMONTON ICE : 4.
8:13 of 3rd period - Valtteri Filppula wins face-off versus Logan Couture in neutral zone.
8:24 of 3rd period - Shot by Jaden Schwartz.
8:24 of 3rd period - Stopped by Jonathan Quick without a rebound.
8:25 of 3rd period - Mark Scheifele wins face-off versus Ryan O'Reilly in LOS ANGELES SEALS zone.
8:56 of 3rd period - Shot by Mark Scheifele.
8:56 of 3rd period - Stopped by Jake Allen with a rebound.
8:58 of 3rd period - Shot by Brandon Carlo.
8:58 of 3rd period - Shot Blocked by Anthony Mantha.
9:00 of 3rd period - Shot by Mark Scheifele.
9:00 of 3rd period - Goal by Mark Scheifele - LOS ANGELES SEALS : 1 - EDMONTON ICE : 4.
9:01 of 3rd period - Valtteri Filppula wins face-off versus Logan Couture in neutral zone.
9:29 of 3rd period - Shot by Justin Williams.
9:29 of 3rd period - Stopped by Jake Allen without a rebound.
9:30 of 3rd period - Eric Fehr wins face-off versus Adam Lowry in EDMONTON ICE zone.
9:32 of 3rd period - Icing by Ondrej Kase.
9:33 of 3rd period - Mark Scheifele wins face-off versus Eric Fehr in EDMONTON ICE zone.
9:34 of 3rd period - Shot by Brock Boeser.
9:34 of 3rd period - Shot Misses the Net.
9:44 of 3rd period - Shot by Conor Sheary.
9:44 of 3rd period - Stopped by Jonathan Quick without a rebound.
9:45 of 3rd period - Patric Hornqvist wins face-off versus Justin Williams in LOS ANGELES SEALS zone.
10:02 of 3rd period - Shot by Patric Hornqvist.
10:02 of 3rd period - Stopped by Jonathan Quick without a rebound.
10:03 of 3rd period - Ryan O'Reilly wins face-off versus Mark Scheifele in LOS ANGELES SEALS zone.
10:16 of 3rd period - Shot by Brock Boeser.
10:16 of 3rd period - Shot Misses the Net.
10:29 of 3rd period - Mark Scheifele is hit by Jeff Petry and loses puck.
10:35 of 3rd period - Icing by Ryan O'Reilly.
10:36 of 3rd period - Ryan O'Reilly wins face-off versus Logan Couture in EDMONTON ICE zone.
10:36 of 3rd period - Ryan O'Reilly is hit by Patrick Marleau.
10:51 of 3rd period - Icing by Esa Lindell.
10:52 of 3rd period - Logan Couture wins face-off versus Valtteri Filppula in LOS ANGELES SEALS zone.
11:24 of 3rd period - Shot by Justin Williams.
11:24 of 3rd period - Shot Blocked by Oscar Klefbom.
12:29 of 3rd period - Icing by Roman Polak.
12:30 of 3rd period - Ryan O'Reilly wins face-off versus Mark Scheifele in LOS ANGELES SEALS zone.
12:33 of 3rd period - Shot by Anthony Mantha.
12:33 of 3rd period - Stopped by Jonathan Quick with a rebound.
12:35 of 3rd period - Shot by Anthony Mantha.
12:35 of 3rd period - Shot Blocked by Andreas Johnsson.
12:37 of 3rd period - Shot by Ryan O'Reilly.
12:37 of 3rd period - Deflect By Kasperi Kapanen.
12:37 of 3rd period - Stopped by Jonathan Quick without a rebound.
12:38 of 3rd period - Colin White wins face-off versus Ryan O'Reilly in LOS ANGELES SEALS zone.
12:48 of 3rd period - Off-side.
12:49 of 3rd period - Valtteri Filppula wins face-off versus Kevin Rooney in neutral zone.
13:06 of 3rd period - Shot by Patric Hornqvist.
13:06 of 3rd period - Stopped by Jonathan Quick with a rebound.
13:14 of 3rd period - Shot by Logan Couture.
13:14 of 3rd period - Stopped by Jake Allen without a rebound.
13:15 of 3rd period - Ryan O'Reilly wins face-off versus Mark Scheifele in EDMONTON ICE zone.
13:28 of 3rd period - Shot by Brock Boeser.
13:28 of 3rd period - Shot Misses the Net.
13:30 of 3rd period - Shot by Brandon Carlo.
13:30 of 3rd period - Shot Blocked by Colton Parayko.
13:56 of 3rd period - Shot by Mark Scheifele.
13:56 of 3rd period - Shot Blocked by Colton Parayko.
13:58 of 3rd period - Shot by Brandon Carlo.
13:58 of 3rd period - Stopped by Jake Allen with a rebound.
14:00 of 3rd period - Shot by Brandon Carlo.
14:00 of 3rd period - Goal by Brandon Carlo - LOS ANGELES SEALS : 2 - EDMONTON ICE : 4.
14:01 of 3rd period - Logan Couture wins face-off versus Valtteri Filppula in neutral zone.
14:16 of 3rd period - Icing by Esa Lindell.
14:17 of 3rd period - Logan Couture wins face-off versus Eric Fehr in LOS ANGELES SEALS zone.
14:58 of 3rd period - Justin Williams is hit by Casey Nelson and loses puck.
15:23 of 3rd period - Shot by Adam Lowry.
15:23 of 3rd period - Stopped by Jake Allen with a rebound.
15:29 of 3rd period - Shot by Mathieu Perreault.
15:29 of 3rd period - Stopped by Jake Allen with a rebound.
15:31 of 3rd period - Shot by Roman Polak.
15:31 of 3rd period - Shot Misses the Net.
15:52 of 3rd period - Icing by Andrew MacDonald.
15:53 of 3rd period - Valtteri Filppula wins face-off versus Andreas Johnsson in EDMONTON ICE zone.
15:53 of 3rd period - Valtteri Filppula is hit by Mark Scheifele.
15:59 of 3rd period - Shot by Jaden Schwartz.
15:59 of 3rd period - Shot Blocked by Shayne Gostisbehere.
16:04 of 3rd period - Icing by Mark Scheifele.
16:05 of 3rd period - Mark Scheifele wins face-off versus Ryan O'Reilly in LOS ANGELES SEALS zone.
16:43 of 3rd period - Shot by Anthony Mantha.
16:43 of 3rd period - Stopped by Jonathan Quick without a rebound.
16:44 of 3rd period - Logan Couture wins face-off versus Oscar Lindberg in LOS ANGELES SEALS zone.
16:50 of 3rd period - Off-side.
16:51 of 3rd period - Patrick Marleau wins face-off versus Valtteri Filppula in neutral zone.
16:54 of 3rd period - Shot by Justin Williams.
16:54 of 3rd period - Deflect By Patrick Marleau.
16:54 of 3rd period - Stopped by Jake Allen without a rebound.
16:55 of 3rd period - Logan Couture wins face-off versus Patric Hornqvist in EDMONTON ICE zone.
17:00 of 3rd period - Shot by Justin Williams.
17:00 of 3rd period - Shot Misses the Net.
17:11 of 3rd period - Off-side.
17:12 of 3rd period - Ryan O'Reilly wins face-off versus Adam Lowry in neutral zone.
17:12 of 3rd period - Ryan O'Reilly is hit by Mathieu Perreault.
17:20 of 3rd period - Kasperi Kapanen is hit by Adam Lowry and loses puck.
17:44 of 3rd period - Shot by Adam Lowry.
17:44 of 3rd period - Stopped by Jake Allen with a rebound.
18:29 of 3rd period - Shot by Justin Williams.
18:29 of 3rd period - Shot Misses the Net.
19:09 of 3rd period - Shot by Andreas Johnsson.
19:09 of 3rd period - Shot Misses the Net.
Goals for this period are 2 for LOS ANGELES SEALS vs 2 for EDMONTON ICE.
Shots for this period are 15 for LOS ANGELES SEALS vs 16 for EDMONTON ICE.


RYAN
NUGENT-HOPKINS
THATCHER
DEMKO
MITCHELL
MARNER

EAST COAST

HOCKEY LEAGUE

  • 13.MAN3PIT5
  • 14.NHW2ATL3
  • 15.PET5WOR4
  • 16.RHI30
  • 17.QUECHI
  • 18.CHALIM
  • 19.TRVLON
  • 20.CHWBAL